AoeStats
← Gim

Arena

504025531Analyzed
4v4 RM · 28d ago on Sep 3, 2026· 48m 19s· 8 players
Game mode
Random Map
Map size
Large (8 player)
Population
200
Speed
Normal
Resources
Standard
Victory
Conquest
Starting age
Dark Age
Ending age
Imperial Age
RankedLock teamsTeams togetherTeam positionsShared explorationLock speedFull tech treeHidden civsTurbo modeCheats
Victory
Defeat
🇨🇦 Vietnamese · Canada
1225
+15
🇨🇳 Malians · China
1216
+16
🇨🇳 Celts · China
1185
+17
🇹🇼 Burgundians · Taiwan
1173
+18
🇪🇸 Sicilians · Spain
1231
-17
🇬🇧 Bohemians · United Kingdom
1226
-17
🇪🇸 Khmer · Spain
1206
-16
🇵🇪 Berbers · Peru
1190
-16
Gim
11:00 Feudal Age
14:38 Castle Age
13:55 Double-Bit Axe
19:47 Scale Mail Armor
20:10 Horse Collar
20:20 Man-at-Arms
21:36 Long Swordsman
25:00 Wheelbarrow
25:19 Bow Saw
25:17 Heavy Plow
25:30 Squires
26:27 Gold Mining
26:54 Hand Cart
30:36 Imperial Age
28:57 Chain Mail Armor
29:36 Loom
30:16 Forging
30:54 Town Watch
31:47 Iron Casting
30:45 Two-Handed Swordsman
31:42 Champion
33:02 Crop Rotation
33:09 Gold Shaft Mining
32:25 Stone Mining
33:35 Conscription
33:24 Farimba
33:37 Bloodlines
33:27 Husbandry
33:34 Scale Barding Armor
35:26 Plate Mail Armor
34:27 Elite Gbeto
36:23 Stone Shaft Mining
38:31 Chain Barding Armor
39:00 Ballistics
41:24 Hoardings
42:16 Chemistry
41:27 Masonry
41:47 Town Patrol
42:13 Heavy Camel Rider
47:17 Architecture
46:28 Treadmill Crane
47:00 Fortified Wall
48:21 Plate Barding Armor
Frak
10:28 Feudal Age
16:31 Castle Age
14:59 Double-Bit Axe
15:29 Horse Collar
18:06 Bow Saw
22:55 Wheelbarrow
22:08 Loom
22:09 Town Watch
27:54 Imperial Age
25:42 Stone Mining
26:03 Heavy Plow
26:13 Gold Mining
26:57 Ballistics
26:28 Fletching
27:39 Stone Shaft Mining
27:24 Bodkin Arrow
28:06 Thumb Ring
27:22 Elite Skirmisher
28:27 Padded Archer Armor
29:41 Crop Rotation
30:24 Two-Man Saw
29:08 Imperial Skirmisher
30:27 Hand Cart
32:01 Paper Money
31:53 Bracer
32:45 Onager
34:56 Leather Archer Armor
35:49 Chemistry
34:55 Siege Engineers
36:59 Pikeman
37:39 Squires
38:11 Ring Archer Armor
37:42 Scale Mail Armor
37:52 Forging
38:09 Halberdier
39:00 Elite Rattan Archer
42:01 Chain Mail Armor
42:22 Iron Casting
44:42 Plate Mail Armor
xxs_hjt
11:03 Feudal Age
14:51 Castle Age
12:49 Double-Bit Axe
13:03 Horse Collar
13:19 Loom
16:39 Bow Saw
18:52 Heavy Plow
21:00 Gold Mining
21:22 Fletching
22:51 Bodkin Arrow
22:54 Town Watch
24:16 Scale Mail Armor
29:04 Wheelbarrow
29:05 Gambesons
28:41 Man-at-Arms
33:52 Imperial Age
32:23 Hand Cart
33:21 Ballistics
34:55 Conscription
34:50 Furor Celtica
34:47 Capped Ram
36:51 Chemistry
35:32 Treadmill Crane
37:09 Conscription
36:23 Siege Ram
37:29 Conscription
37:56 Siege Engineers
38:54 Hoardings
38:17 Elite Woad Raider
40:22 Masonry
40:02 Heavy Scorpion
41:09 Forging
43:20 Stronghold
44:18 Chain Mail Armor
44:39 Iron Casting
46:06 Plate Mail Armor
48:11 Blast Furnace
yayagaga
9:05 Double-Bit Axe
11:16 Feudal Age
11:25 Feudal Age
10:49 Horse Collar
15:57 Castle Age
15:20 Bow Saw
17:01 Loom
22:26 Stone Mining
22:38 Heavy Plow
23:23 Gold Mining
24:46 Wheelbarrow
28:07 Imperial Age
25:54 Scale Barding Armor
26:01 Forging
27:59 Chain Barding Armor
28:14 Iron Casting
27:59 Chain Barding Armor
28:14 Iron Casting
28:57 Fortified Wall
29:52 Conscription
29:37 Burgundian Vineyards
29:08 Cavalier
29:49 Husbandry
30:37 Plate Barding Armor
31:02 Blast Furnace
31:16 Chemistry
30:51 Hand Cart
32:07 Blast Furnace
31:50 Town Watch
32:17 Fletching
32:39 Paladin
35:52 Light Cavalry
37:09 Hussar
38:24 Masonry
38:35 Ballistics
38:11 Murder Holes
38:45 Bodkin Arrow
44:11 Town Patrol
Chadwick
10:40 Feudal Age
15:42 Castle Age
14:41 Horse Collar
14:54 Stone Mining
14:57 Gold Mining
25:10 Wheelbarrow
24:38 Heavy Plow
24:29 Double-Bit Axe
31:39 Imperial Age
29:18 Squires
29:23 Scale Mail Armor
30:04 Gold Shaft Mining
29:47 Hand Cart
29:18 Town Watch
31:48 First Crusade
31:24 Arson
31:56 Chain Mail Armor
31:26 Pikeman
32:19 Forging
32:27 Capped Ram
32:48 Halberdier
34:18 Plate Mail Armor
34:24 Iron Casting
35:21 Siege Ram
37:06 Conscription
37:12 Bow Saw
37:34 Crop Rotation
37:09 Gambesons
38:27 Blast Furnace
38:53 Stone Shaft Mining
39:43 Scale Barding Armor
41:23 Elite Serjeant
42:25 Chain Barding Armor
41:28 Cavalier
42:09 Husbandry
43:34 Bloodlines
43:24 Husbandry
44:13 Hauberk
46:17 Plate Barding Armor
Oliver
10:35 Feudal Age
11:04 Double-Bit Axe
11:48 Loom
13:20 Double-Bit Axe
15:47 Castle Age
14:33 Double-Bit Axe
14:31 Horse Collar
17:12 Bow Saw
21:21 Wheelbarrow
22:53 Heavy Plow
24:46 Scale Mail Armor
24:58 Forging
26:07 Pikeman
29:27 Imperial Age
28:12 Chemistry
27:18 Padded Archer Armor
27:36 Chain Mail Armor
29:19 Iron Casting
31:58 Conscription
31:08 Sappers
32:52 Halberdier
34:04 Town Watch
34:35 Hand Cart
34:36 Fervor
35:04 Wagenburg Tactics
36:29 Squires
35:53 Houfnice
42:52 Bombard Tower
42:38 Siege Engineers
43:34 Treadmill Crane
44:31 Leather Archer Armor
Aspirante
10:33 Feudal Age
13:21 Castle Age
11:55 Double-Bit Axe
12:14 Horse Collar
12:24 Loom
17:13 Loom
21:18 Stone Mining
23:27 Gold Mining
25:20 Bow Saw
25:25 Heavy Plow
26:03 Wheelbarrow
27:05 Town Watch
27:35 Hand Cart
31:14 Imperial Age
28:53 Fletching
29:57 Bodkin Arrow
30:08 Scale Barding Armor
30:31 Husbandry
30:41 Bloodlines
31:14 Forging
30:41 Light Cavalry
32:58 Chemistry
33:08 Hussar
34:23 Bracer
34:44 Chain Barding Armor
40:47 Plate Barding Armor
40:47 Iron Casting
41:26 Iron Casting
LORD PETER
8:48 Loom
11:21 Feudal Age
16:10 Castle Age
14:41 Horse Collar
21:43 Double-Bit Axe
26:59 Town Watch
31:32 Fletching
31:42 Padded Archer Armor
36:35 Bodkin Arrow
36:55 Leather Archer Armor
36:56 Heavy Plow
40:21 Wheelbarrow
40:06 Scale Barding Armor
40:12 Forging
43:53 Bloodlines
43:45 Husbandry
45:36 Chain Barding Armor
Connection lost

Rejoining the realm…

Still unreachable

The connection could not be restored.

Session expired

The server has moved on; the page needs a fresh start.